 Dungeon Crawl Stone Soup version 0.28-a0-655-g4eb62b627b (webtiles) character file.

Game seed: 12745658195097044882

144 DarkMailMan the Magician (level 5, 0/28 HPs)
             Began as a Deep Elf Air Elementalist on Oct 12, 2021.
             Killed from afar by Duvessa (5 damage)
             ... with a puff of flame
             ... on level 4 of the Dungeon.
             The game lasted 00:07:54 (2891 turns).

DarkMailMan the Magician (DEAE)                     Turns: 2891, Time: 00:07:55

Health: 0/28       AC:  2    Str:  5    XL:     5   Next: 5%
Magic:  11/14      EV: 13    Int: 21    God:
Gold:   107        SH:  0    Dex: 15    Spells: 10/13 levels left

rFire   . . .      SeeInvis .   j - +1 dagger (pain)
rCold   . . .      Faith    .   (no shield)
rNeg    . . .      Spirit   .   a - +0 robe
rPois   .          Reflect  .   (no helmet)
rElec   .          Harm     .   (no cloak)
rCorr   .          Rampage  .   (no gloves)
Will    .....                   (no boots)
Stlth   ++........              (no amulet)
HPRegen 0.09/turn               b - ring of flight
MPRegen 0.14/turn               (no ring)

@: flying
A: no striking features
a: no special abilities


You were on level 4 of the Dungeon.
You visited 1 branch of the dungeon, and saw 4 of its levels.

You collected 107 gold pieces.

Inventory:

Hand Weapons
 j - a +1 dagger of pain (weapon)
Armour
 a - a +0 robe (worn)
Jewellery
 b - a ring of flight (left hand)
Scrolls
 d - a scroll of magic mapping {unknown}
 e - a scroll of torment {unknown}
 f - 7 scrolls of identify {unknown}
 g - 3 scrolls of enchant weapon {unknown}
Potions
 c - a potion of curing {unknown}
 h - a potion of invisibility {unknown}
 i - a potion of cancellation {unknown}
 k - 2 potions of lignification {unknown}
 l - a potion of heal wounds {unknown}


   Skills:
 + Level 3.2 Dodging
 + Level 2.9 Stealth
 + Level 4.9 Spellcasting
 - Level 1.6 Conjurations
 + Level 4.1 Air Magic


You had 10 spell levels left.
You knew the following spells:

 Your Spells              Type           Power      Damage    Failure   Level
a - Shock                 Conj/Air       68%        1d7       3%          1
b - Static Discharge      Conj/Air       17%        N/A       4%          2

Your spell library contained the following spells:

 Spells                   Type           Power      Damage    Failure   Level
 Swiftness                Air            22%        N/A       6%          3
 Airstrike                Air            11%        N/A       21%         4


Dungeon Overview and Level Annotations

Branches:
Dungeon (4/15)
 Temple: D:4-7

Altars:
The Shining One

Annotations:
D:4 Dowan, Duvessa


Message History

Casting: Shock (safe; 3% risk of failure)
Confirm with . or Enter, or press ? or * to list all spells.
Aiming: Shock (safe; 3% risk of failure)
Press: ? - help, Shift-Dir - straight line, f/p - iguana
Aim: an iguana (heavily wounded, 75% to hit)
The zap hits the iguana.
The iguana is almost dead.
Casting: Shock (safe; 3% risk of failure)
Confirm with . or Enter, or press ? or * to list all spells.
Aiming: Shock (safe; 3% risk of failure)
Press: ? - help, Shift-Dir - straight line, f/p - iguana
Aim: an iguana (almost dead, 75% to hit)
The zap hits the iguana.
You kill the iguana!
Your Dodging skill increases to level 3!
You have reached level 5!
Found 15 gold pieces.
g - 3 scrolls labelled FENIUG YNAZXI (gained 1)
There are no items here.
You now have 107 gold pieces (gained 15).
There are no items here.
Duvessa and Dowan come into view.
Duvessa is wielding a +2 short sword of holy wrath and carrying a wand of flame (20).
Casting: Shock (safe; 3% risk of failure)
Confirm with . or Enter, or press ? or * to list all spells.
Aiming: Shock (safe; 3% risk of failure)
Press: ? - help, Shift-Dir - straight line, f - Dowan
Aim: Dowan, wielding a +0 dagger and wearing a +0 robe (asleep, 100% to hit)
The zap hits Dowan.
Dowan is lightly wounded.
Dowan shouts!
Dowan casts a spell at Duvessa.
Duvessa shouts!
Duvessa seems to speed up.
A necrophage comes into view.
Duvessa zaps a wand.
The puff of flame hits you!
Duvessa zaps a wand.
The puff of flame hits you!
* * * LOW HITPOINT WARNING * * *
Duvessa zaps a wand.
The puff of flame hits you.
You die...

### ### #.. ..# #.# #.#
##### #.# #.# ....#
####.##### #.# # ..#.#
#........###.###.###
....###.##.#.#..@......e.#
........##....####.##.......
...<######.....###.# ..#.#..
..### #.........# ...... .##
###.####### .##.e . .# #.#
.# ##n. .# #.# .# . <# #+#
.# ..


You could see Duvessa (fast).

Vanquished Creatures
  A hound (D:2)
  An iguana (D:4)
  3 adders
  11 endoplasms
  4 giant cockroaches
  8 goblins
  5 hobgoblins
  2 quokkas (D:3)
  5 ball pythons
  5 bats
  3 frilled lizards
  5 kobolds
  3 rats
56 creatures vanquished.

Notes
Turn   | Place    | Note
-------+----------+-------------------------------------------
     0 | D:1      | DarkMailMan the Deep Elf Air Elementalist began the quest
                  | for the Orb.
     0 | D:1      | Reached XP level 1. HP: 10/10 MP: 6/6
   290 | D:1      | Reached XP level 2. HP: 15/15 MP: 0/8
   682 | D:1      | Reached XP level 3. HP: 19/19 MP: 5/10
   843 | D:2      | Found a glowing golden altar of the Shining One.
  1423 | D:2      | Reached XP level 4. HP: 24/24 MP: 1/12
  1436 | D:2      | Noticed an eye of devastation
  1515 | D:2      | Found a faded altar of an unknown god.
  1517 | D:2      | Noticed a shining eye
  1517 | D:2      | Noticed a golden eye
  1517 | D:2      | Noticed a great orb of eyes
  1547 | D:2      | Learned a level 2 spell: Static Discharge
  2868 | D:4      | Reached XP level 5. HP: 28/28 MP: 8/14
  2886 | D:4      | Noticed Duvessa
  2886 | D:4      | Noticed Dowan
  2888 | D:4      | Noticed a necrophage
  2891 | D:4      | Killed from afar by Duvessa

Illustrated notes

Levels and vault maps discovered:
D:1:      mrwooster_arrival_statue_2, layout_basic
D:2:      layout_loops_ring, hellmonk_ecumenical_altar_watching_god,
          basic_altar, grunt_ministairs_11
D:3:      layout_basic
D:4:      layout_loops_corners, lemuel_crystal_altar, uniq_duvessa,
          uniq_menkaure

Skill      XL: |  1  2  3  4 |
---------------+-------------+-----
Spellcasting   | 4 |  4.9
Air Magic      | 4 |  4.1
Dodging        | 3 |  3.2
Stealth        | |  2.9
Conjurations   | |  1.6

Action                   |  1- 3 |  4- 6 || total
-------------------------+-------+-------++-------
Melee: Unarmed           |     1 |       ||     1
       Dagger            |       |     3 ||     3
 Cast: Shock             |    64 |    39 ||   103
       Static Discharge  |       |     2 ||     2
  Use: Scroll            |     1 |       ||     1
Armor: Robe              |     4 |     1 ||     5
Dodge: Dodged            |    18 |     3 ||    21

Table legend: (Time is in decaauts)
 A = Elapsed time spent in this place.
 B = Non-inter-level travel time spent in this place.
 C = Inter-level travel time spent in this place.
 D = Time resting spent in this place.
 E = Time spent auto-exploring this place.
 F = Levels seen in this place.
 G = Mean time per level.
                   A        B        C        D        E       F      G
               +--------+--------+--------+--------+--------+-----+--------+
         Total |   2889 |   2722 |    167 |    108 |   2169 |   4 |  722.2 |
       Dungeon |   2889 |   2722 |    167 |    108 |   2169 |   4 |  722.2 |
               +--------+--------+--------+--------+--------+-----+--------+

Top non-repeatable levels by time:
     D:2: 1222 daAuts
     D:1: 843 daAuts
     D:3: 776 daAuts
     D:4: 47 daAuts
